 Dungeon Crawl Stone Soup version 0.23.2-1-ga50397a (webtiles) character file.

Game seed: 16274565524883586232

70 Fang the Skirmisher (level 4, -2/29 HPs)
             Began as a Gargoyle Berserker on May 14, 2019.
             Was a Follower of Trog.
             Slain by a gnoll
             ... wielding a +0 spear
              (6 damage)
             ... on level 2 of the Dungeon.
             The game lasted 00:01:28 (1139 turns).

Fang the Skirmisher (Gargoyle Berserker)            Turns: 1139, Time: 00:01:29

Health: -2/29      AC:  5    Str: 21    XL:     4   Next: 21%
Magic:  4/4        EV: 12    Int:  8    God:    Trog [*.....]
Gold:   49         SH:  0    Dex:  9    Spells: 3/3 levels left

rFire    . . .     SeeInvis .   a - +0 hand axe
rCold    . . .     Gourm    .   (no shield)
rNeg     + . .     Faith    .   b - +0 animal skin
rPois    ∞         Spirit   .   (no helmet)
rElec    +         Reflect  .   (no cloak)
rCorr    .         Harm     .   (no gloves)
MR       .....                  (no boots)
Stlth    +.........             (no amulet)
HPRegen  0.09/turn              (no ring)
MPRegen  0.09/turn              (no ring)

@: berserk cooldown, slowed, very slow
A: negative energy resistance 1, electricity resistance, unbreathing,
petrification resistance, rot immunity, AC +3
a: Berserk, Renounce Religion


You were on level 2 of the Dungeon.
You worshipped Trog.
Trog was aware of your devotion.
You were hungry.

You visited 1 branch of the dungeon, and saw 2 of its levels.

You collected 49 gold pieces.

Inventory:

Hand Weapons
 a - a +0 hand axe (weapon)
Armour
 b - a +0 animal skin (worn)
Scrolls
 d - 2 scrolls of noise {unknown}
 e - a scroll of immolation {unknown}
 f - a scroll of blinking {unknown}
 g - 2 scrolls of amnesia {unknown}
 i - 2 scrolls of identify {unknown}
 l - a scroll of magic mapping {unknown}
Potions
 h - a potion of invisibility {unknown}
 j - a potion of curing {unknown}
 k - a potion of might {unknown}
 m - a potion of agility {unknown}
Comestibles
 c - 3 rations


   Skills:
 + Level 3.9 Fighting
 + Level 3.2 Axes
 + Level 3.0 Armour
 + Level 2.2 Dodging


You had 3 spell levels left.
You didn't know any spells.
Your spell library was empty.

Dungeon Overview and Level Annotations

Branches:
Dungeon (2/15)

Altars:
Nemelex Xobeh


Innate Abilities, Weirdness & Mutations

You are resistant to torment.
Your stone body is resilient. (AC +3)
You are immune to poison.
You resist negative energy. (rN+)
You are resistant to electric shocks. (rElec)
You can survive without breathing.
You are immune to petrification.
You are immune to rotting.


Message History

You hit the gnoll but do no damage. The gnoll misses you.
The gnoll closely misses you.
You barely miss the gnoll. The gnoll misses you. The gnoll closely misses you.
You closely miss the gnoll. The gnoll closely misses you.
You closely miss the gnoll. The gnoll hits you but does no damage.
The gnoll barely misses you.
You barely miss the gnoll. The gnoll hits you with a +0 spear.
The gnoll misses you.
You closely miss the gnoll. The gnoll barely misses you.
You barely miss the gnoll.
The gnoll hits you but does no damage. x2
You hit the gnoll.
The gnoll is lightly wounded.
The gnoll hits you with a +0 spear.
* * * LOW HITPOINT WARNING * * *
The gnoll hits you with a +0 spear.
* * * LOW HITPOINT WARNING * * *
You hit the gnoll.
The gnoll is heavily wounded.
The gnoll completely misses you. The gnoll hits you with a +0 spear.
You die...

#
####.###.#
#.@gw.....
#%##.###.#
#)# # #)#
#.# #(#
#.# #.#
###+## #.#
#....#


You could see a gnoll and a dart slug.

Vanquished Creatures
  An adder (D:2)
  3 gnolls (D:2)
  A worm (D:2)
  A leopard gecko (D:1)
  4 bats
  A giant cockroach (D:1)
  2 goblins
  5 hobgoblins
  3 jackals (D:2)
  3 kobolds
  4 rats
28 creatures vanquished.

Notes
Turn   | Place    | Note
-------+----------+-------------------------------------------
     0 | D:1      | Fang the Gargoyle Berserker began the quest for the Orb.
     0 | D:1      | Reached XP level 1. HP: 14/14 MP: 1/1
    40 | D:1      | Reached XP level 2. HP: 10/19 MP: 2/2
   411 | D:1      | Found a sparkling altar of Nemelex Xobeh.
   778 | D:2      | Reached XP level 3. HP: 22/24 MP: 3/3
  1117 | D:2      | Reached XP level 4. HP: 29/29 MP: 4/4
  1139 | D:2      | Slain by a gnoll

Skill      XL: |  1  2  3 |
---------------+----------+-----
Axes           | 3 |  3.2
Dodging        | 2 |  2.2
Armour         | 3 |  3.0
Fighting       | |  3.9

Action                   |  1- 3 |  4- 6 || total
-------------------------+-------+-------++-------
Melee: Hand axe          |    93 |    19 ||   112
Invok: Berserk           |     1 |       ||     1
  Eat: Chunk             |     1 |       ||     1
Armor: Animal skin       |    24 |     6 ||    30
Dodge: Dodged            |    63 |    32 ||    95
